 Dungeon Crawl Stone Soup version 0.19-a0-722-g27ac516 (webtiles) character file.

102 TheGoonsmith the Conjurer (level 4, -5/36 HPs)
             Began as a Deep Elf Conjurer on June 21, 2016.
             Killed from afar by TheGoonsmith's ghost (10 damage)
             ... with a puff of frost
             ... on level 3 of the Dungeon.
             The game lasted 00:04:14 (1785 turns).

TheGoonsmith the Conjurer (Deep Elf Conjurer)       Turns: 1785, Time: 00:04:14

Health: -5/36      AC:  4    Str: 10    XL:     4   Next: 50%
Magic:  1/12       EV: 13    Int: 20    God:
Gold:   107        SH:  0    Dex: 16    Spells: 1 memorised, 10 levels left

rFire  . . .     SeeInvis .     p - +0 mace
rCold  . . .     Gourm    .     a - +0 robe
rNeg   . . .     Faith    .     (no shield)
rPois  .         Spirit   .     (no helmet)
rElec  .         Dismiss  .     n - +1 cloak
rCorr  .         Reflect  .     (no gloves)
SustAt .         Harm     .     (no boots)
MR     .....                    (no amulet)
Stlth  ..........               (no ring)
                                (no ring)

@: berserking, very quick, not resistant to hostile enchantments, extremely
unstealthy
A: no striking features
a: no special abilities


You were on level 3 of the Dungeon.
You were not hungry.

You visited 1 branch of the dungeon, and saw 3 of its levels.

You collected 107 gold pieces.

Inventory:

Hand Weapons
 p - a +0 mace (weapon)
Armour
 a - a +0 robe (worn)
 n - a +1 cloak (worn)
Jewellery
 e - an uncursed ring of stealth {unknown}
 g - an uncursed ring of magical power {unknown}
Scrolls
 d - a scroll of teleportation {unknown}
 f - 2 scrolls of magic mapping {unknown}
 h - 4 scrolls of identify {unknown}
 j - 2 scrolls of noise {unknown}
 l - 3 scrolls of remove curse {unknown}
 m - a scroll of fear {unknown}
 r - 2 scrolls of fog {unknown}
Potions
 t - a potion of curing {unknown}
Books
 b - a book of Conjurations

   Spells                             Type                      Level
   a - Magic Dart                     Conjuration                  1
   b - Searing Ray                    Conjuration                  2
   c - Dazzling Spray                 Conjuration/Hexes            3
   d - Fulminant Prism                Conjuration/Hexes            4
   e - Iskenderun's Mystic Blast      Conjuration                  4
   f - Iskenderun's Battlesphere      Conjuration/Charms           5
Comestibles
 c - 2 bread rations
 i - a meat ration
 o - 2 slices of pizza


   Skills:
 - Level 2.4 Dodging
 - Level 2.4 Stealth
 + Level 4.4 Spellcasting
 * Level 5.9 Conjurations


You had 10 spell levels left.
You knew the following spells:

 Your Spells              Type           Power        Failure   Level  Hunger
a - Magic Dart            Conj           ####         1%          1    None


Dungeon Overview and Level Annotations

Branches:
Dungeon (3/15)

Altars:

Annotations:
D:3 TheGoonsmith's ghost, amateur DEIE


Message History

The magic dart hits TheGoonsmith's ghost.
TheGoonsmith's ghost is almost destroyed.
TheGoonsmith's ghost closely misses you.
It was a potion of cure mutation.
It has a very clean taste.
TheGoonsmith's ghost misses you.
It was a potion of berserk rage.
A red film seems to cover your vision as you go berserk!
You feel yourself moving faster!
You feel mighty!
TheGoonsmith's ghost closely misses you.
You hit TheGoonsmith's ghost but do no damage.
TheGoonsmith's ghost is almost destroyed.
You hit TheGoonsmith's ghost but do no damage.
TheGoonsmith's ghost is almost destroyed.
TheGoonsmith's ghost hits you!
* * * LOW HITPOINT WARNING * * *
You closely miss TheGoonsmith's ghost.
TheGoonsmith's ghost is almost destroyed.
TheGoonsmith's ghost casts a spell at you.
The puff of frost hits you!
You die...

..............##..#
..............##..##
..............##...#
..............##.#.#
..............##.###
.............###.#
.....##.....####.#####
#####
####.....#W....##
######.......@.....##
...........)....(....#
######...............#
#...[...........#
#...............#
#......†........#
#...............#
##.............##
##....(#.....##


You could see TheGoonsmith's ghost.

Vanquished Creatures
  6 adders
  A worm (D:2)
  A dart slug (D:2)
  6 bats
  2 giant cockroaches (D:2)
  6 goblins
  6 hobgoblins (D:1)
  2 quokkas (D:2)
  2 giant newts
  5 kobolds
  9 rats
46 creatures vanquished.

Notes
Turn   | Place    | Note
--------------------------------------------------------------
     0 | D:1      | TheGoonsmith the Deep Elf Conjurer began the quest for the Orb.
     0 | D:1      | Reached XP level 1. HP: 10/10 MP: 6/6
   271 | D:1      | Reached XP level 2. HP: 15/15 MP: 4/8
   518 | D:1      | Reached skill level 5 in Conjurations
   817 | D:2      | Reached XP level 3. HP: 19/19 MP: 7/10
  1238 | D:2      | Reached XP level 4. HP: 22/24 MP: 4/12
  1745 | D:3      | Noticed TheGoonsmith's ghost (amateur DEIE)
  1785 | D:3      | Killed from afar by TheGoonsmith's ghost

Vault maps used:
D:1:      lemuel_arrival_muddy, nrook_mini_backslash
D:3:      minmay_misc_feat_hallway, uniq_grinder, uniq_iyjb

Skill      XL: |  1  2  3 |
---------------+----------+-----
Conjurations   | 5 |  5.9
Spellcasting   | 4 |  4.4
Dodging        | |  2.4
Stealth        | |  2.4

Action                   |  1- 3 |  4- 6 || total
-------------------------+-------+-------++-------
Melee: Unarmed           |     4 |       ||     4
       Mace              |       |    10 ||    10
 Cast: Magic Dart        |    83 |    34 ||   117
  Use: Potion            |       |     4 ||     4
  Eat: Chunk             |     1 |       ||     1
       Bread ration      |       |     1 ||     1
Armor: Robe              |     4 |     5 ||     9
Dodge: Dodged            |    12 |    11 ||    23
